 Dungeon Crawl Stone Soup version 0.23-a0-767-gdc19b93d68 (webtiles) character file.

1664 Majang the Ruffian (level 9, 0/78 HPs)
             Began as a Naga Transmuter on Jan 21, 2019.
             Was a Believer of Cheibriados.
             Slain by a hornet (14 damage)
             ... on level 8 of the Dungeon.
             The game lasted 00:32:51 (9444 turns).

Majang the Ruffian (Naga Transmuter)                Turns: 9444, Time: 00:32:51

Health: 0/78       AC:  6    Str: 17    XL:     9   Next: 1%
Magic:  12/15      EV: 11    Int: 20    God:    Cheibriados [**....]
Gold:   342        SH:  0    Dex: 16    Spells: 5/16 levels left

rFire    . . .     SeeInvis +     - Unarmed
rCold    . . .     Gourm    .   (no shield)
rNeg     + . .     Faith    .   b - +0 robe
rPois    +         Spirit   .   (no helmet)
rElec    .         Reflect  .   g - +1 cloak
rCorr    .         Harm     .   (no gloves)
MR       +....                  (no barding)
Stlth    +.........             (no amulet)
HPRegen  0.23/turn              j - ring of wizardry
MPRegen  0.14/turn              o - ring of Happiness {rPois rN+ SInv}

@: lethally poisoned (0 -> -5), short of breath, appendage, very slow
A: large, horns 2, see invisible, deformed body, poison resistance, slowness 2,
slow metabolism 1, spit poison 1, AC +3
a: Spit Poison, End Transformation, Bend Time, Renounce Religion


You were on level 8 of the Dungeon.
You worshipped Cheibriados.
Cheibriados was pleased with you.
You were hungry.
You had grown temporary horns.
You visited 2 branches of the dungeon, and saw 9 of its levels.

You collected 342 gold pieces.

Inventory:

Missiles
 a - 134 arrows
Armour
 b - a +0 robe (worn)
 g - a +1 cloak (worn)
 v - a +0 helmet
Jewellery
 h - an uncursed ring of protection from cold
 j - a ring of wizardry (left hand)
 o - the ring of Happiness (right hand) {rPois rN+ SInv}
   (You found it on level 4 of the Dungeon)

   [ring of poison resistance]

   It protects you from poison.
   It protects you from negative energy.
   It lets you see invisible.
 q - an uncursed ring of see invisible {unknown}
 u - an uncursed ring of fire
 y - a cursed -4 ring of dexterity {unknown}
Wands
 e - a wand of polymorph (9)
Scrolls
 c - 5 scrolls of remove curse
 f - a scroll of enchant weapon
 k - 3 scrolls of amnesia
 m - 5 scrolls of teleportation
 s - 5 scrolls of identify
Potions
 n - a potion of agility {unknown}
 p - a potion of lignification {unknown}
 t - a potion of ambrosia
 x - a potion of mutation {unknown}
Comestibles
 d - 11 rations


   Skills:
 + Level 4.0 Fighting
 + Level 2.2 Armour
 + Level 2.8 Dodging
 * Level 6.7 Unarmed Combat
 + Level 4.1 Spellcasting
 + Level 5.4 Transmutations
 + Level 3.0 Invocations


You had 5 spell levels left.
You knew the following spells:

 Your Spells              Type           Power        Failure   Level  Hunger
a - Beastly Appendage     Tmut           ####..       1%          1    None
b - Sticks to Snakes      Tmut           ####....     1%          2    #......
c - Spider Form           Tmut/Pois      ###.......   4%          3    ###....
d - Blade Hands           Tmut           ####......   16%         5    ######.

Your spell library contained the following spells:

 Spells                   Type           Power        Failure   Level  Hunger
 Ice Form                 Ice/Tmut       ###.....     16%         4    ####...


Dungeon Overview and Level Annotations

Branches:
Dungeon (8/15)             Temple (1/1) D:5
   Lair: D:8-11

Altars:
Ashenzari
Cheibriados
Dithmenos
Elyvilon
Fedhas
Gozag
Hepliaklqana
Kikubaaqudgha
Makhleb
Nemelex Xobeh
Ru
Sif Muna
Trog
Uskayaw
Vehumet
Wu Jian
Xom
Yredelemnul
Zin
The Shining One


Innate Abilities, Weirdness & Mutations

You cannot wear boots.
Your serpentine skin is tough. (AC +3)
You have supernaturally acute eyesight. (SInv)
Armour fits poorly on your strangely shaped body.
Your system is resistant to poisons. (rPois)
You cover ground very slowly.
You have a slow metabolism.
You can spit poison.
You have a pair of horns on your head.


Message History

The hornet stings you.
* * * LOW HITPOINT WARNING * * *
You feel yourself slow down.
You feel yourself speed up. The hornet stings you.
* * * LOW HITPOINT WARNING * * *
You can move again.
You feel much better.
You feel less invigorated.
You feel less confused.
You feel sick. The hornet closely misses you. The hornet barely misses you.
Press: ? - help, Shift-Dir - straight line, f/p - hornet
Aim: a hornet (lightly wounded)
The splash of poison misses the hornet.
You feel slightly more hungry.
You feel sick. The hornet stings you!
* * * LOW HITPOINT WARNING * * *
The flow of time bends around you.
Cheibriados rebukes the hornet.
The hornet seems to slow down.
You feel slightly more hungry.
You feel sick. The hornet stings you!
You die...

..........
...........
#..........
#..........
#.........
####
.......#
#....##....#
.......@y..#
........<.##
###.......#
##...#..#
##.###.# #.
.# ## ##


You could see a hornet.

Vanquished Creatures
  A wyvern (D:8)
  3 sky beasts
  2 phantoms
  2 centaurs
  A bullfrog (D:7)
  A water moccasin skeleton (D:6)
  2 crimson imps
  A bullfrog zombie (D:7)
  2 centaur skeletons (D:4)
  2 jellies (D:6)
  3 orc priests
  2 orc wizards
  3 iguanas
  2 worker ants
  2 hound skeletons
  A worker ant zombie (D:7)
  4 gnolls (D:2)
  7 adders
  A shadow imp (D:6)
  4 oozes
  An adder zombie (D:5)
  A dart slug (D:3)
  A leopard gecko (D:1)
  17 orcs
  8 bats
  5 giant cockroaches
  9 goblins
  10 hobgoblins
  18 jackals
  2 quokkas (D:6)
  2 ball pythons
  5 frilled lizards
  A giant cockroach zombie (D:5)
  4 kobolds
  6 rats
136 creatures vanquished.

Vanquished Creatures (collateral kills)
  A centaur (D:6)
1 creature vanquished.

Grand Total: 137 creatures vanquished

Notes
Turn   | Place    | Note
-------+----------+-------------------------------------------
     0 | D:1      | Majang the Naga Transmuter began the quest for the Orb.
     0 | D:1      | Reached XP level 1. HP: 18/18 MP: 3/3
   326 | D:1      | Reached XP level 2. HP: 25/25 MP: 3/5
   333 | D:1      | Learned a level 2 spell: Sticks to Snakes
  1314 | D:2      | Reached XP level 3. HP: 24/31 MP: 4/6
  1623 | D:2      | Found a hazy altar of Hepliaklqana.
  2001 | D:2      | Reached XP level 4. HP: 10/38 MP: 5/7
  2321 | D:2      | Found a sparkling altar of Nemelex Xobeh.
  2813 | D:2      | Learned a level 3 spell: Spider Form
  2920 | D:2      | Reached skill level 4 in Unarmed Combat
  3053 | D:2      | Reached XP level 5. HP: 23/45 MP: 6/8
  3604 | D:3      | Found an opulent altar of Gozag.
  4175 | D:3      | Found an ornate altar of the Wu Jian Council.
  4381 | D:4      | Reached XP level 6. HP: 49/52 MP: 8/10
  5220 | D:4      | Got a clouded silver ring
  5386 | D:5      | Entered Level 5 of the Dungeon
  5593 | D:5      | Found a staircase to the Ecumenical Temple.
  5602 | Temple   | Entered the Ecumenical Temple
  5643 | Temple   | Became a worshipper of Cheibriados the Contemplative
  5917 | D:5      | Reached skill level 5 in Unarmed Combat
  5917 | D:5      | Reached XP level 7. HP: 56/61 MP: 9/11
  6392 | D:5      | Identified the ring of Happiness {rPois rN+ SInv} (You
                  | found it on level 4 of the Dungeon)
  6912 | D:6      | Reached skill level 1 in Invocations
  7197 | D:6      | Reached * piety under Cheibriados
  7197 | D:6      | Reached skill level 1 in Armour
  7383 | D:6      | Found a bloodstained altar of Trog.
  7390 | D:6      | Learned a level 5 spell: Blade Hands
  7648 | D:6      | Reached XP level 8. HP: 53/69 MP: 10/13
  7940 | D:6      | Found a hazy altar of Hepliaklqana.
  8023 | D:6      | Reached skill level 5 in Transmutations
  8389 | D:7      | Reached skill level 6 in Unarmed Combat
  9363 | D:8      | Noticed a wyvern
  9379 | D:8      | Killed a wyvern
  9379 | D:8      | Reached ** piety under Cheibriados
  9379 | D:8      | Reached XP level 9. HP: 34/78 MP: 15/15
  9429 | D:8      | Noticed a hornet
  9440 | D:8      | Paralysed by a hornet for 2 turns
  9440 | D:8      | HP: 3/78 [hornet (1)]
  9444 | D:8      | Slain by a hornet

Vault maps used:
D:1:      psy_arrival_radial01
D:2:      nicolae_overflow_hidden_temple, first_ration, minmay_misc_feat_rugged,
          nemelex_diamond_rough_becter
D:3:      marbit_many_paths, grunt_gozag_statues
D:5:      temple_fountains, chequers_decorated_corner,
          chequers_serial_rivers_large_b
D:6:      kennysheep_mini_moat, basic_altar
D:8:      gammafunk_temple_overflow_elements, minmay_misc_feat_enclosed
Temple:   kb_temple_of_zot

Skill      XL: |  1  2  3  4  5  6  7  8 |
---------------+-------------------------+-----
Transmutations | 3 4 5 |  5.4
Unarmed Combat | 4 5 6 |  6.7
Fighting       | 2 3 4 |  4.0
Spellcasting   | 3 4 |  4.1
Invocations    | 1 3 |  3.0
Armour         | 1 2 |  2.2
Dodging        | 2 |  2.8

Action                   |  1- 3 |  4- 6 |  7- 9 || total
-------------------------+-------+-------+-------++-------
Melee: Unarmed           |    56 |   202 |   201 ||   459
       Headbutt          |     6 |    32 |    39 ||    77
       Punch             |     1 |     3 |     5 ||     9
 Cast: Beastly Appendage |    17 |    26 |    30 ||    73
       Sticks to Snakes  |       |       |     5 ||     5
Invok: Bend Time         |       |       |     1 ||     1
 Abil: Spit Poison       |    27 |    37 |    29 ||    93
  Use: Scroll            |       |     7 |     2 ||     9
       Potion            |       |     1 |     2 ||     3
  Eat: Chunk             |     4 |    10 |     5 ||    19
       Ration            |       |     1 |     1 ||     2
Armor: Robe              |     9 |    50 |    41 ||   100
Dodge: Dodged            |    24 |   112 |    88 ||   224

Table legend:
 A = Non-vault XP
 B = Vault XP
 C = Vault XP percentage of total XP
 D = Non-vault monster count
 E = Vault monster count
 F = Vault count percentage of total count
                 A         B        C        D         E       F
            +---------+---------+-------+---------+---------+-------
      Total |    2376 |       2 |   0.1 |     136 |       1 |   0.7
            +---------+---------+-------+---------+---------+-------
        D:1 |      28 |       0 |   0.0 |      17 |       0 |   0.0
        D:2 |     160 |       0 |   0.0 |      25 |       0 |   0.0
        D:3 |     189 |       2 |   1.0 |      40 |       1 |   2.4
        D:4 |     170 |       0 |   0.0 |      10 |       0 |   0.0
        D:5 |     138 |       0 |   0.0 |      15 |       0 |   0.0
        D:6 |     837 |       0 |   0.0 |      16 |       0 |   0.0
        D:7 |     644 |       0 |   0.0 |      12 |       0 |   0.0
        D:8 |     210 |       0 |   0.0 |       1 |       0 |   0.0
            +---------+---------+-------+---------+---------+-------
